 Dungeon Crawl Stone Soup version 0.30.1-3-gfc49f6343a (webtiles) character file.

Game seed: 5966139003536578976

212 spardeous the Conjurer (level 5, 0/38 HPs)
             Began as a Demigod Conjurer on Aug 4, 2023.
             Slain by a sleepcap (5 damage)
             ... on level 4 of the Dungeon.
             The game lasted 00:04:00 (3595 turns).

spardeous the Conjurer (Demigod Conjurer)           Turns: 3595, Time: 00:04:01

Health: 0/38       AC:  7    Str:  8    XL:     5   Next: 31%
Magic:  2/13       EV:  2    Int: 24    God:
Gold:   82         SH:  0    Dex: 12    Spells: 8/11 levels left

rFire   . . .        c - +0 club
rCold   . . .        (no shield)
rNeg    . . .        d - +0 scale mail
rPois   .            (no helmet)
rElec   .            (no cloak)
rCorr   .            (no gloves)
SInv    .            p - +0 pair of boots
Will    .....        (no amulet) Stlth
                     (no ring)
HPRegen 0.26/turn    (no ring)
MPRegen 0.13/turn

%: no passive effects
@: sleeping, very slightly contaminated
A: high MP 1, forlorn, divine attributes
a: no special abilities


You were on level 4 of the Dungeon.
You visited 1 branch of the dungeon, and saw 4 of its levels.

You collected 82 gold pieces.

Inventory:

Hand Weapons
 c - a +0 club (weapon)
Armour
 d - a +0 scale mail (worn)
 p - a +0 pair of boots (worn)
Wands
 a - a wand of quicksilver (2)
Scrolls
 f - 2 scrolls of teleportation {unknown}
 g - a scroll of noise {unknown}
 j - a scroll of immolation {unknown}
 m - 2 scrolls of identify {unknown}
 o - a scroll of blinking {unknown}
 q - a scroll of magic mapping {unknown}
Potions
 e - a potion of lignification
 h - a potion of might {unknown}
 i - a potion of degeneration {unknown}
 k - 3 potions of curing {unknown}
 l - a potion of attraction {unknown}
 n - a potion of heal wounds {unknown}
 r - a potion of haste {unknown}


   Skills:
 - Level 1.7 Dodging
 - Level 1.7 Stealth
 + Level 3.7 Spellcasting
 + Level 5.1 Conjurations


You had 8 spell levels left.
You knew the following spells:

 Your Spells              Type           Power      Damage    Failure   Level
a - Magic Dart            Conj           100%       1d8       13%         1
b - Searing Ray           Conj           58%        2d6       19%         2

Your spell library contained the following spells:

 Spells                   Type           Power      Damage    Failure   Level
 Sting                    Tmut/Pois      16%        1d3       71%         1
 Dazzling Flash           Conj/Hex       32%        N/A       71%         3
 Poisonous Vapours        Pois/Air       8%         N/A       83%         2
 Fulminant Prism          Conj/Hex       8%         3d7       98%         4
 Iskenderun's Mystic Bla  Conj/Tloc      16%        2d5       98%         4
 Olgreb's Toxic Radiance  Pois           4%         N/A       100%        4


Dungeon Overview and Level Annotations

Branches:
Dungeon (4/15)
 Temple: D:4-7

Annotations:
D:4 Edmund


Innate Abilities, Weirdness & Mutations

You have an increased reservoir of magic. (+10% MP)
You shall have no god before yourself.
Your divine heritage dramatically boosts your attributes as you level up.


Message History

You wake up.
You take 1 damage, and have 14/38 hp.
The sleepcap releases spores at you.
* * * LOW HITPOINT WARNING * * *
You are engulfed in a cloud of soporific spores!
You are unaffected.
You take 4 damage, and have 10/38 hp.
Casting: Searing Ray (safe; 19% risk of failure)
Confirm with . or Enter, or press ? or * to list all spells.
Aiming: Searing Ray (safe; 19% risk of failure)
Press: ? - help, Shift-Dir - straight line, f/p - sleepcap
Aim: a sleepcap (moderately damaged, 100% to hit)
You miscast Searing Ray.
You are very lightly contaminated with residual magic.
Nothing appears to happen.
The sleepcap releases spores at you.
* * * LOW HITPOINT WARNING * * *
You take 1 damage, and have 9/38 hp.
You now have 6/13 mp.
Casting: Searing Ray (safe; 19% risk of failure)
Confirm with . or Enter, or press ? or * to list all spells.
Aiming: Searing Ray (safe; 19% risk of failure)
Press: ? - help, Shift-Dir - straight line, f/p - sleepcap
Aim: a sleepcap (moderately damaged, 100% to hit)
You miscast Searing Ray.
Nothing appears to happen.
The sleepcap releases spores at you but does no damage.
You now have 4/13 mp.
Unknown command.
Casting: Searing Ray (safe; 19% risk of failure)
Confirm with . or Enter, or press ? or * to list all spells.
Aiming: Searing Ray (safe; 19% risk of failure)
Press: ? - help, Shift-Dir - straight line, f/p - sleepcap
Aim: a sleepcap (moderately damaged, 100% to hit)
The searing ray hits the sleepcap.
The sleepcap is heavily damaged. (Press . to maintain the ray.)
The sleepcap releases spores at you.
* * * LOW HITPOINT WARNING * * *
You are engulfed in a cloud of soporific spores!
You fall asleep.
The sleepcap releases spores at you.
You die...

.......##...#.#
..............# #.
..............# ...
.......<......###..#..
#.................##...
##..$....†.............
###..................##
#####..........g.....
###f##@...#........
#...#f....#......#
#.....>..........##
##.....#..........##
##)######.........#
#.†).# #........##
#[.)## ##......## #####
#...#.## #######


You could see a sleepcap.

Vanquished Creatures
  A phantom (D:4)
  An orc wizard (D:3)
  Robin (D:4)
  An adder (D:3)
  3 worms (D:2)
  4 orcs (D:3)
  6 ball pythons
  A bat (D:1)
  3 endoplasms
  2 giant cockroaches (D:1)
  19 goblins
  13 hobgoblins
  3 jackals (D:2)
  3 frilled lizards
  10 kobolds
  5 rats
76 creatures vanquished.

Notes
Turn   | Place    | Note
-------+----------+-------------------------------------------
     0 | D:1      | spardeous the Demigod Conjurer began the quest for the Orb.
     0 | D:1      | Reached XP level 1. HP: 14/14 MP: 5/5
   288 | D:1      | Reached XP level 2. HP: 20/20 MP: 4/7
   482 | D:1      | Reached skill level 4 in Conjurations
  1312 | D:2      | Reached XP level 3. HP: 26/26 MP: 4/9
  1673 | D:2      | Learned a level 2 spell: Searing Ray
  2654 | D:3      | Reached XP level 4. HP: 30/33 MP: 3/11
  3408 | D:4      | Noticed a phantom
  3426 | D:4      | Killed a phantom
  3427 | D:4      | Reached skill level 5 in Conjurations
  3427 | D:4      | Reached XP level 5. HP: 37/38 MP: 2/13
  3438 | D:4      | Noticed Edmund
  3495 | D:4      | Noticed Robin
  3529 | D:4      | Killed Robin
  3595 | D:4      | Slain by a sleepcap

Illustrated notes

Levels and vault maps discovered:
D:1:      spicycebolla_arrival_clurvy, layout_basic
D:2:      layout_basic
D:3:      cheibrodos_helix_gallery, layout_basic, nicolae_overflow_hidden_temple
D:4:      layout_cave_pools, kennysheep_okawaru_gauntlet, portal_sewer_entry_b,
          uniq_edmund, uniq_robin

Skill      XL: |  1  2  3  4 |
---------------+-------------+-----
Spellcasting   | 2 3 |  3.7
Conjurations   | 4 5 |  5.1
Dodging        | |  1.7
Stealth        | |  1.7

Action                     |  1- 3 |  4- 6 || total
---------------------------+-------+-------++-------
  Melee: Club              |    22 |    23 ||    45
   Cast: Magic Dart        |   114 |    21 ||   135
         Searing Ray       |     1 |     6 ||     7
    Use: Potion            |       |     2 ||     2
 Armour: Robe              |     1 |       ||     1
         Scale mail        |     4 |    30 ||    34
         Skin              |       |    10 ||    10
  Dodge: Dodged            |    25 |    26 ||    51
